 Dungeon Crawl Stone Soup version 0.31-a0-810-ga77100ea1a (webtiles) character file.

Game seed: 13682377998302468335

503 IdlyInterested the Chopper (level 6, -3/48 HPs)
             Began as a Demonspawn Gladiator on Sept 21, 2023.
             Succumbed to an orc wizard's poison
             ... on level 5 of the Dungeon.
             The game lasted 00:12:02 (4140 turns).

IdlyInterested the Chopper (Demonspawn Gladiator)   Turns: 4140, Time: 00:12:02

Health: -3/48      AC: 12    Str: 16    XL:     6   Next: 96%
Magic:  6/6        EV:  5    Int:  9    God:
Gold:   252        SH:  0    Dex: 15    Spells: 5/5 levels left

rFire   . . .        A - +2 battleaxe (pain)
rCold   . . .        (shield currently unavailable)
rNeg    . . .        u - +0 plate armour
rPois   .            (helmet restricted)
rElec   .            (no cloak)
rCorr   .            (no gloves)
SInv    .            r - +0 pair of boots
Will    .....        (no amulet) Stlth
                     (no ring)
HPRegen 0.28/turn    (no ring)
MPRegen 0.10/turn

%: no passive effects
@: lethally poisoned (-3 -> -17)
A: antennae 1, demonic guardian 1
a: no special abilities


You were on level 5 of the Dungeon.
You visited 1 branch of the dungeon, and saw 5 of its levels.

You collected 252 gold pieces.

Inventory:

Hand Weapons
 a - a +0 war axe
 p - a +3 short sword
 s - a +0 spear
 t - a +1 short sword of flaming
 x - a +0 war axe
 y - a +0 falchion
 z - a +7 club
 A - a +2 battleaxe of pain (weapon)
Missiles
 d - 3 throwing nets
 e - a javelin
 h - 62 stones (quivered)
 n - 6 silver javelins
Armour
 b - a +0 leather armour
 r - a +0 pair of boots (worn)
 u - a +0 plate armour (worn)
 w - an orb of energy
Talismans
 c - a blade talisman
Wands
 g - a wand of iceblast (9)
 v - a wand of flame (15)
Scrolls
 f - 2 scrolls of vulnerability {unknown}
 j - a scroll of immolation {unknown}
 k - a scroll of teleportation {unknown}
 l - 2 scrolls of poison
 m - 2 scrolls of enchant weapon {unknown}
 o - a scroll of torment
Potions
 q - a potion of lignification


   Skills:
 - Level 4.0 Fighting
 + Level 4.3 Axes
 - Level 1.7 Throwing
 - Level 3.0 Armour
 - Level 3.0 Dodging
 * Level 2.5 Stealth
 - Level 1.0 Evocations
 - Level 1.0 Shapeshifting


You had 5 spell levels left.
You didn't know any spells.
Your spell library contained the following spells:

 Spells                   Type           Power      Damage    Failure   Level
 Poisonous Vapours        Pois/Air       0%         N/A       100%        2
 Sublimation of Blood     Necr           0%         N/A       100%        2
 Wereblood                Tmut           0%         N/A       100%        2
 Hailstorm                Conj/Ice       0%         3d3       100%        3
 Mephitic Cloud           Conj/Pois/Air  0%         N/A       100%        3
 Summon Ice Beast         Ice/Summ       0%         N/A       100%        4
 Freezing Cloud           Conj/Ice/Air   0%         6-21      100%        5
 Simulacrum               Ice/Necr       0%         N/A       100%        6
 Summon Hydra             Summ           0%         N/A       100%        7


Dungeon Overview and Level Annotations

Branches:
Dungeon (5/15)
 Temple: D:4-7

Altars:
Dithmenos


Innate Abilities, Weirdness & Mutations

You have a pair of small antennae on your head.
A weak demonic guardian rushes to your aid.


Message History

You feel extremely sick.
The white imp hits you but does no damage.
Something hits you.
* * * LOW HITPOINT WARNING * * *
You are more poisoned.
The white imp hits you but does no damage.
You slash the white imp!
You kill the white imp!
You barely miss something.
* * * LOW HITPOINT WARNING * * *
You feel extremely sick. Something hits you but does no damage.
You are more poisoned.
Something hits you but does no damage.
You are more poisoned.
You feel much better.
You feel extremely sick. The iguana bites you!
Something hits you but does no damage.
You are more poisoned.
You closely miss the iguana. You miss something.
* * * LOW HITPOINT WARNING * * *
You feel extremely sick.
The water moccasin hisses angrily.
The iguana bites you but does no damage.
Something hits you.
* * * LOW HITPOINT WARNING * * *
A demonic guardian appears!
The iguana bites you but does no damage.
You hit the iguana.
The iguana is moderately wounded.
You miss something.
* * * LOW HITPOINT WARNING * * *
You feel extremely sick.
Something barely misses your shadow imp.
You hear some strange, mumbled words.
Something tries to affect you, but you resist.
The iguana barely misses you.
Your shadow imp hits the iguana.
Something bites your shadow imp.
You miss something. You barely miss the iguana.
You die...

...#.. ......P§§..
...#.. ......PP..
..... #h........
#...###<........
#....##.........
####....##........#
.......5{l....(.).S
#......l##......###
#......{@+......#
###..♣♣)##........
#. ...###########
#. ♣...# .. ♣.♣## .
.# .. ..


You could see an iguana (ally target) and a friendly shadow imp (summoned).

Vanquished Creatures
  2 orc priests
  A gnoll bouda (D:4)
  5 hounds
  A sleepcap (D:3)
  Robin (D:4)
  8 adders
  2 gnolls (D:4)
  A white imp (D:5)
  A dart slug (D:4)
  14 orcs
  3 ball pythons
  4 bats
  4 endoplasms
  6 giant cockroaches
  8 hobgoblins
  6 jackals
  6 quokkas
  2 frilled lizards (D:3)
  18 goblins
  8 kobolds
  6 rats
107 creatures vanquished.

Vanquished Creatures (collateral kills)
  A gnoll (D:4)
1 creature vanquished.

Grand Total: 108 creatures vanquished

Notes
Turn   | Place    | Note
-------+----------+-------------------------------------------
     0 | D:1      | IdlyInterested the Demonspawn Gladiator began the quest for
                  | the Orb.
     0 | D:1      | Reached XP level 1. HP: 16/16 MP: 1/1
   318 | D:1      | Reached skill level 1 in Armour
   420 | D:1      | Gained mutation: You have a pair of small antennae on your
                  | head. [demonic ancestry]
   420 | D:1      | Reached XP level 2. HP: 20/22 MP: 2/2
   619 | D:1      | Reached skill level 1 in Stealth
   905 | D:2      | Found a shadowy altar of Dithmenos.
   913 | D:2      | Gained mutation: A weak demonic guardian rushes to your
                  | aid. [demonic ancestry]
   913 | D:2      | Reached XP level 3. HP: 25/28 MP: 3/3
  1417 | D:2      | Found a faded altar of an unknown god.
  1498 | D:2      | Reached skill level 1 in Shapeshifting
  1852 | D:3      | Reached XP level 4. HP: 35/35 MP: 4/4
  2081 | D:3      | Reached XP level 5. HP: 37/41 MP: 5/5
  2713 | D:4      | Reached skill level 1 in Evocations
  2857 | D:4      | Noticed Robin
  2872 | D:4      | Killed Robin
  2987 | D:4      | Reached XP level 6. HP: 47/47 MP: 6/6
  4111 | D:5      | Entered Level 5 of the Dungeon
  4112 | D:5      | Noticed a water moccasin
  4139 | D:5      | HP: 2/48 [poisoned by an orc wizard]
  4140 | D:5      | Succumbed to an orc wizard's poison

Illustrated notes

Levels and vault maps discovered:
D:1:      dpeg_arrival_tiny_d, layout_basic, serial_bayou_pond_c,
          due_unseen_surprise
D:2:      layout_loops_cross, hellmonk_ecumenical_altar_inner_sanctum,
          basic_altar, minmay_octomino_c4
D:3:      layout_loops_ring
D:4:      layout_gridville, chequers_arboretum, uniq_robin
D:5:      layout_basic, serial_demonic, serial_demonic_c, serial_demonic_f,
          serial_demonic_g, serial_demonic_e, uniq_grinder

Skill      XL: |  1  2  3  4  5  6 |
---------------+-------------------+-----
Armour         | 1 2 3 |  3.0
Axes           | 3 4 |  4.3
Stealth        | 1 2 |  2.5
Fighting       | 3 4 |  4.0
Shapeshifting  | 1 |  1.0
Evocations     | 1 |  1.0
Dodging        | 3 |  3.0
Throwing       | |  1.7

Action                     |  1- 3 |  4- 6 || total
---------------------------+-------+-------++-------
  Melee: War axe           |   108 |   209 ||   317
         Battleaxe         |       |    19 ||    19
         Punch             |       |     2 ||     2
  Throw: Javelin           |       |     2 ||     2
         Stone             |       |     2 ||     2
    Use: Scroll            |     1 |     3 ||     4
         Potion            |       |     4 ||     4
   Stab: Sleeping          |     3 |       ||     3
 Armour: Leather armour    |    46 |       ||    46
         Plate armour      |    22 |   314 ||   336
  Dodge: Dodged            |    88 |    74 ||   162

Table legend: (Time is in decaauts)
 A = Elapsed time spent in this place.
 B = Non-inter-level travel time spent in this place.
 C = Inter-level travel time spent in this place.
 D = Time resting spent in this place.
 E = Time spent auto-exploring this place.
 F = Levels seen in this place.
 G = Mean time per level.
                   A        B        C        D        E       F      G
               +--------+--------+--------+--------+--------+-----+--------+
         Total |   4264 |   3937 |    327 |    616 |   2273 |   5 |  852.8 |
       Dungeon |   4264 |   3937 |    327 |    616 |   2273 |   5 |  852.8 |
               +--------+--------+--------+--------+--------+-----+--------+

Top non-repeatable levels by time:
     D:4: 1496 daAuts
     D:2: 957 daAuts
     D:1: 911 daAuts
     D:3: 862 daAuts
     D:5: 37 daAuts
